APP
ELIZABETHTON TWINS @ BOSTON (APP) RED SOX
10/09/2045
 
TOP OF THE 1ST
Burlington Royals batting - Pitching for Pulaski Yankees : RHP Iwao Kishi
Pitching: RHP Iwao Kishi
Batting: RHB Devin Garrett 0-0: Called Strike
0-1: Ball
1-1: Called Strike
1-2: Foul Ball, location: 2F
1-2: Ground out 5-3 (Groundball, 56, EV 85.6 MPH)
Batting: RHB Jake Burkhart 0-0: Ground out U3 (Groundball, 3, EV 96.9 MPH)
Batting: LHB Natanael Frois 0-0: Called Strike
0-1: Ball
1-1: Ground out 1-3 (Groundball, 34S, EV 62.5 MPH)
Top of the 1st over - 0 runs, 0 hits, 0 errors, 0 left on base; Burlington 0 - Pulaski 0
BOTTOM OF THE 1ST
Pulaski Yankees batting - Pitching for Burlington Royals : RHP Jesus Ruiz
Pitching: RHP Jesus Ruiz
Batting: RHB Victor Quinones 0-0: Ball
1-0: Called Strike
1-1: Called Strike
1-2: Ground out 4-3 (Groundball, 4, EV 84.4 MPH)
Batting: RHB Stephen Charbonneau 0-0: Reached on error, E7 (Flyball, 7, EV 81.9 MPH)
Batting: LHB Yao-pang Tien 0-0: Called Strike
0-1: Ball
1-1: Ball
2-1: Called Strike
2-2: 2-RUN HOME RUN (Flyball, 9D, EV 102.5 MPH), Distance : 364 ft
Batting: LHB Javier Casas 0-0: Foul Ball, location: 2F
0-1: Swinging Strike
0-2: Ball
1-2: Ball
2-2: Foul Ball, location: 2F
2-2: Fly out, F8 (Flyball, 8RS, EV 72.5 MPH)
Batting: RHB Bryan Shackelford 0-0: Ball
1-0: Foul Ball, location: 2F
1-1: Foul Ball, location: 2F
1-2: Foul Ball, location: 2F
1-2: SINGLE (Flyball, 9S, EV 93.1 MPH)
Batting: LHB Aaron Caron 0-0: Ball
1-0: SINGLE (Line Drive, 78M, EV 90.0 MPH)
Bryan Shackelford to second
Batting: SHB Ramon Landeros 0-0: Foul Ball, location: 2F
0-1: Ball
1-1: Ball
2-1: Foul Ball, location: 2F
2-2: Strikes out swinging
Bottom of the 1st over - 2 runs, 3 hits, 1 error, 2 left on base; Burlington 0 - Pulaski 2
TOP OF THE 2ND
Burlington Royals batting - Pitching for Pulaski Yankees : RHP Iwao Kishi
Batting: LHB Jason Smith 0-0: Called Strike
0-1: Called Strike
0-2: Foul Ball, location: 2F
0-2: Strikes out swinging
Batting: LHB Jason Mills 0-0: Ball
1-0: Called Strike
1-1: Ball
2-1: Foul Ball, location: 2F
2-2: Ball
3-2: Foul Ball, location: 2F
3-2: Strikes out swinging
Batting: RHB Jason Sloan 0-0: Swinging Strike
0-1: Foul Ball, location: 2F
0-2: Foul Ball, location: 2F
0-2: Strikes out swinging
Top of the 2nd over - 0 runs, 0 hits, 0 errors, 0 left on base; Burlington 0 - Pulaski 2
BOTTOM OF THE 2ND
Pulaski Yankees batting - Pitching for Burlington Royals : RHP Jesus Ruiz
Batting: RHB Miguel Leal 0-0: Fly out, F8 (Flyball, 8LD, EV 98.8 MPH)
Batting: RHB Gomes Povoena 0-0: Ball
1-0: SINGLE (Line Drive, 8RS, EV 91.3 MPH)
Batting: RHB Victor Quinones 0-0: Called Strike
0-1: Ball
1-1: SINGLE (Groundball, 34D, EV 94.4 MPH)
Gomes Povoena to second
Batting: RHB Stephen Charbonneau 0-0: Fly out, F9 (Flyball, 89S, EV 78.8 MPH)
Batting: LHB Yao-pang Tien 0-0: Called Strike
0-1: 3-RUN HOME RUN (Flyball, 89XD, EV 104.4 MPH), Distance : 402 ft
Batting: LHB Javier Casas 0-0: Foul Ball, location: 2F
0-1: DOUBLE (Groundball, 3L, EV 103.8 MPH)
Batting: RHB Bryan Shackelford 0-0: SINGLE (Line Drive, 8RS, EV 98.8 MPH)
Javier Casas to third
Pitching: LHP Carlos Mestanza
Batting: LHB Aaron Caron 0-0: Swinging Strike
0-1: Foul Ball, location: 2F
0-2: Ball
1-2: Strikes out swinging
Bottom of the 2nd over - 3 runs, 5 hits, 0 errors, 2 left on base; Burlington 0 - Pulaski 5
TOP OF THE 3RD
Burlington Royals batting - Pitching for Pulaski Yankees : RHP Iwao Kishi
Batting: LHB Jim Hollowell 0-0: Ball
1-0: Called Strike
1-1: Foul Ball, location: 2F
1-2: Foul Ball, location: 2F
1-2: Strikes out swinging
Batting: LHB Lapaele Keneke 0-0: Swinging Strike
0-1: Foul Ball, location: 2F
0-2: Ball
1-2: Strikes out looking
Batting: RHB Josh Tull 0-0: Ball
1-0: Ball
2-0: Fly out, F7 (Flyball, 7S, EV 88.8 MPH)
Top of the 3rd over - 0 runs, 0 hits, 0 errors, 0 left on base; Burlington 0 - Pulaski 5
BOTTOM OF THE 3RD
Pulaski Yankees batting - Pitching for Burlington Royals : LHP Carlos Mestanza
Batting: SHB Ramon Landeros 0-0: Called Strike
0-1: SOLO HOME RUN (Flyball, 9D, EV 94.4 MPH), Distance : 374 ft
Batting: RHB Miguel Leal 0-0: Called Strike
0-1: Foul Ball, location: 2F
0-2: Ball
1-2: Strikes out swinging
Batting: RHB Gomes Povoena 0-0: Ball
1-0: Ball
2-0: Called Strike
2-1: Ball
3-1: Fly out, F4 (Popup, 3S, EV 89.4 MPH)
Batting: RHB Victor Quinones 0-0: Fly out, F6 (Popup, 6D, EV 50.6 MPH)
Bottom of the 3rd over - 1 run, 1 hit, 0 errors, 0 left on base; Burlington 0 - Pulaski 6
TOP OF THE 4TH
Burlington Royals batting - Pitching for Pulaski Yankees : RHP Iwao Kishi
Batting: RHB Devin Garrett 0-0: Ball
1-0: Ball
2-0: Called Strike
2-1: Ball
3-1: DOUBLE (Line Drive, 9LM, EV 103.8 MPH)
Batting: RHB Jake Burkhart 0-0: Ball
1-0: SINGLE (Line Drive, 3D, EV 109.4 MPH)
Devin Garrett to third
Batting: LHB Natanael Frois 0-0: Ground out 3-1 (Groundball, 34, EV 102.5 MPH)
Devin Garrett scores
Jake Burkhart to second
Batting: LHB Jason Smith 0-0: Ball
1-0: Ball
2-0: Called Strike
2-1: Swinging Strike
2-2: Strikes out swinging
Batting: LHB Jason Mills 0-0: Foul Ball, location: 2F
0-1: Called Strike
0-2: Strikes out swinging
Top of the 4th over - 1 run, 2 hits, 0 errors, 1 left on base; Burlington 1 - Pulaski 6
BOTTOM OF THE 4TH
Pulaski Yankees batting - Pitching for Burlington Royals : LHP Carlos Mestanza
Batting: RHB Stephen Charbonneau 0-0: Ball
1-0: Foul Ball, location: 2F
1-1: Foul Ball, location: 2F
1-2: Foul Ball, location: 2F
1-2: Strikes out looking
Batting: LHB Yao-pang Tien 0-0: Ball
1-0: Ball
2-0: Ball
3-0: Called Strike
3-1: Foul Ball, location: 2F
3-2: Base on Balls
Batting: LHB Javier Casas 0-0: Ball
1-0: Foul Ball, location: 2F
1-1: Ground out 3-1 (Groundball, 34S, EV 69.4 MPH)
Yao-pang Tien to second
Batting: RHB Bryan Shackelford 0-0: Called Strike
0-1: Foul Ball, location: 2F
0-2: Ball
1-2: DOUBLE (Line Drive, 89D, EV 108.1 MPH)
Yao-pang Tien scores
Batting: LHB Aaron Caron 0-0: Foul Ball, location: 2F
0-1: Ball
1-1: Ball
2-1: Swinging Strike
2-2: Fly out, F7 (Flyball, 7S, EV 95.0 MPH)
Bottom of the 4th over - 1 run, 1 hit, 0 errors, 1 left on base; Burlington 1 - Pulaski 7
TOP OF THE 5TH
Burlington Royals batting - Pitching for Pulaski Yankees : RHP Iwao Kishi
Batting: RHB Jason Sloan 0-0: Called Strike
0-1: SOLO HOME RUN (Flyball, 78XD, EV 105.0 MPH), Distance : 416 ft
Batting: LHB Jim Hollowell 0-0: Ball
1-0: Called Strike
1-1: Ground out 4-3 (Groundball, 4M, EV 106.3 MPH)
Batting: LHB Lapaele Keneke 0-0: Foul Ball, location: 2F
0-1: Ball
1-1: Foul Ball, location: 2F
1-2: Strikes out swinging
Batting: RHB Josh Tull 0-0: Called Strike
0-1: Ball
1-1: Called Strike
1-2: Ball
2-2: Foul Ball, location: 2F
2-2: Ground out 4-3 (Groundball, 4, EV 107.5 MPH)
Top of the 5th over - 1 run, 1 hit, 0 errors, 0 left on base; Burlington 2 - Pulaski 7
BOTTOM OF THE 5TH
Pulaski Yankees batting - Pitching for Burlington Royals : LHP Carlos Mestanza
Batting: SHB Ramon Landeros 0-0: Called Strike
0-1: Ball
1-1: Called Strike
1-2: Ball
2-2: Foul Ball, location: 2F
2-2: Ground out 4-3 (Groundball, 34, EV 93.1 MPH)
Batting: RHB Miguel Leal 0-0: Ball
1-0: Ball
2-0: Ball
3-0: Base on Balls
Batting: RHB Gomes Povoena 0-0: Ball
1-0: Ball
2-0: Ball
3-0: Called Strike
3-1: Grounds into double play, 6-4-3 (Groundball, 6, EV 85.6 MPH)
Bottom of the 5th over - 0 runs, 0 hits, 0 errors, 0 left on base; Burlington 2 - Pulaski 7
TOP OF THE 6TH
Burlington Royals batting - Pitching for Pulaski Yankees : RHP Iwao Kishi
Batting: RHB Devin Garrett 0-0: Ball
1-0: Foul Ball, location: 2F
1-1: Ground out 6-3 (Groundball, 6, EV 84.4 MPH)
Batting: RHB Jake Burkhart 0-0: Ball
1-0: Foul Ball, location: 2F
1-1: Ground out 6-3 (Groundball, 6, EV 85.6 MPH)
Batting: LHB Natanael Frois 0-0: Called Strike
0-1: Foul Ball, location: 2F
0-2: Ball
1-2: TRIPLE (Line Drive, 9D, EV 101.9 MPH)
Batting: LHB Jason Smith 0-0: Called Strike
0-1: DOUBLE (Groundball, 5L, EV 94.4 MPH)
Natanael Frois scores
Batting: LHB Jason Mills 0-0: Called Strike
0-1: Foul Ball, location: 2F
0-2: Strikes out looking
Top of the 6th over - 1 run, 2 hits, 0 errors, 1 left on base; Burlington 3 - Pulaski 7
BOTTOM OF THE 6TH
Pulaski Yankees batting - Pitching for Burlington Royals : LHP Carlos Mestanza
Batting: RHB Victor Quinones 0-0: Called Strike
0-1: Ball
1-1: SINGLE (Groundball, 4MD, EV 105.6 MPH)
Pitching: RHP Carlos Soto
Batting: RHB Stephen Charbonneau 0-0: Ball
1-0: Ball
2-0: Called Strike
2-1: 2-RUN HOME RUN (Flyball, 7D, EV 109.4 MPH), Distance : 387 ft
Batting: LHB Yao-pang Tien 0-0: Ball
1-0: Ball
2-0: Foul Ball, location: 2F
2-1: Foul Ball, location: 2F
2-2: Ball
3-2: Base on Balls
Batting: LHB Javier Casas 0-0: Foul Ball, location: 2F
0-1: Foul Ball, location: 2F
0-2: Foul Ball, location: 2F
0-2: Ball
1-2: 2-RUN HOME RUN (Flyball, 9LD, EV 97.5 MPH), Distance : 347 ft
Batting: RHB Bryan Shackelford 0-0: Foul Ball, location: 2F
0-1: Called Strike
0-2: Foul Ball, location: 2F
0-2: Foul Ball, location: 2F
0-2: Ball
1-2: Foul Ball, location: 2F
1-2: Ball
2-2: Foul Ball, location: 2F
2-2: Ground out 4-3 (Groundball, 4MS, EV 89.4 MPH)
Batting: LHB Aaron Caron 0-0: Ball
1-0: Called Strike
1-1: Called Strike
1-2: Ball
2-2: Foul Ball, location: 2F
2-2: Strikes out swinging
Batting: SHB Ramon Landeros 0-0: Called Strike
0-1: SINGLE (Flyball, 78M, EV 93.1 MPH)
Batting: RHB Miguel Leal 0-0: Ball
Wild Pitch!
Ramon Landeros to second
1-0: Foul Ball, location: 2F
1-1: Ground out 4-3 (Groundball, 4M, EV 85.6 MPH)
Bottom of the 6th over - 4 runs, 4 hits, 0 errors, 1 left on base; Burlington 3 - Pulaski 11
TOP OF THE 7TH
Burlington Royals batting - Pitching for Pulaski Yankees : RHP Iwao Kishi
Batting: RHB Jason Sloan 0-0: Foul Ball, location: 2F
0-1: Ball
1-1: Ball
2-1: Ground out 6-3 (Groundball, 6, EV 87.5 MPH)
Pinch Hitting: RHB Allen Hopkins 0-0: Called Strike
0-1: Ball
1-1: Foul Ball, location: 2F
1-2: Strikes out swinging
Batting: LHB Lapaele Keneke 0-0: Called Strike
0-1: Foul Ball, location: 2F
0-2: Ball
1-2: Foul Ball, location: 2F
1-2: Foul Ball, location: 2F
1-2: Ground out 4-3 (Groundball, 4, EV 103.1 MPH)
Top of the 7th over - 0 runs, 0 hits, 0 errors, 0 left on base; Burlington 3 - Pulaski 11
BOTTOM OF THE 7TH
Pulaski Yankees batting - Pitching for Burlington Royals : RHP Carlos Soto
Now at 3B: Allen Hopkins
Batting: RHB Gomes Povoena 0-0: Hit by Pitch
Batting: RHB Victor Quinones 0-0: Reached on error, E5 (Groundball, 5L, EV 100.0 MPH)
Gomes Povoena to second
Batting: RHB Stephen Charbonneau 0-0: Called Strike
0-1: Called Strike
0-2: Ball
1-2: Foul Ball, location: 2F
1-2: Ball
2-2: Strikes out swinging
Pinch Hitting: LHB Zack Berney 0-0: Ball
1-0: Ball
2-0: Called Strike
2-1: Swinging Strike
2-2: Strikes out swinging
Batting: LHB Javier Casas 0-0: Called Strike
0-1: Ball
1-1: Ground out 4-3 (Groundball, 4, EV 99.4 MPH)
Bottom of the 7th over - 0 runs, 0 hits, 1 error, 2 left on base; Burlington 3 - Pulaski 11
TOP OF THE 8TH
Burlington Royals batting - Pitching for Pulaski Yankees : RHP Iwao Kishi
Now at 1B: Zack Berney
Batting: RHB Josh Tull 0-0: Called Strike
0-1: Ball
1-1: Ball
2-1: Called Strike
2-2: Foul Ball, location: 2F
2-2: Ball
3-2: SINGLE (Groundball, 56D, EV 98.8 MPH)
Pinch Hitting: RHB Andres Loera 0-0: Called Strike
0-1: Ball
1-1: Fielders Choice at 2nd, 4-6 (Groundball, 34, EV 86.9 MPH)
Pinch Hitting: RHB Jeremy Farrar 0-0: Ball
1-0: Called Strike
1-1: Ball
Wild Pitch!
Andres Loera to second
2-1: Ball
3-1: Base on Balls
Pinch Hitting: RHB Paulo Orey 0-0: Foul Ball, location: 2F
0-1: Fly out, F8 (Flyball, 8LS, EV 91.9 MPH)
Batting: LHB Jason Smith 0-0: Ball
1-0: SINGLE (Flyball, 89S, EV 97.5 MPH)
Andres Loera to third
Jeremy Farrar to second
Batting: LHB Jason Mills 0-0: Ball
1-0: GRAND SLAM HOME RUN (Flyball, 9D, EV 96.3 MPH), Distance : 360 ft
Pitching: LHP Eric Blais
Batting: RHB Jason Sloan 0-0: Foul Ball, location: 2F
0-1: Ball
1-1: Ball
2-1: SINGLE (Groundball, 56D, EV 94.4 MPH)
Batting: RHB Allen Hopkins 0-0: Ball
1-0: Ball
2-0: Ball
3-0: Called Strike
3-1: Called Strike
3-2: Foul Ball, location: 2F
3-2: Foul Ball, location: 2F
3-2: Strikes out looking
Top of the 8th over - 4 runs, 4 hits, 0 errors, 1 left on base; Burlington 7 - Pulaski 11
BOTTOM OF THE 8TH
Pulaski Yankees batting - Pitching for Burlington Royals : RHP Carlos Soto
Pitching: RHP Bobby Mendoza
Now at 1B: Paulo Orey
Now at 2B: Yoshiyuki Kobashi
Now at SS: Andres Loera
Batting: RHB Bryan Shackelford 0-0: Called Strike
0-1: Called Strike
0-2: Ground out 6-3 (Groundball, 6, EV 99.4 MPH)
Batting: LHB Aaron Caron 0-0: Called Strike
0-1: Ball
1-1: Foul Ball, location: 2F
1-2: Strikes out swinging
Batting: SHB Ramon Landeros 0-0: Called Strike
0-1: Called Strike
0-2: Foul Ball, location: 2F
0-2: Ball
1-2: Ball
2-2: Foul Ball, location: 2F
2-2: SOLO HOME RUN (Flyball, 9LD, EV 96.3 MPH), Distance : 354 ft
Batting: RHB Miguel Leal 0-0: Ball
1-0: Called Strike
1-1: Ball
2-1: Swinging Strike
2-2: Ball
3-2: Foul Ball, location: 2F
3-2: Foul Ball, location: 2F
3-2: Foul Ball, location: 2F
3-2: Foul Ball, location: 2F
3-2: Foul Ball, location: 2F
3-2: Ground out 1-3 (Groundball, 15S, EV 70.6 MPH)
Bottom of the 8th over - 1 run, 1 hit, 0 errors, 0 left on base; Burlington 7 - Pulaski 12
TOP OF THE 9TH
Burlington Royals batting - Pitching for Pulaski Yankees : LHP Eric Blais
Batting: LHB Lapaele Keneke 0-0: Ball
1-0: Ground out 6-3 (Groundball, 6, EV 88.1 MPH)
Batting: RHB Josh Tull 0-0: Called Strike
0-1: SOLO HOME RUN (Flyball, 9D, EV 93.8 MPH), Distance : 365 ft
Batting: RHB Andres Loera 0-0: Ball
1-0: Swinging Strike
1-1: Called Strike
1-2: Strikes out swinging
Batting: SHB Yoshiyuki Kobashi 0-0: Ball
1-0: Ball
2-0: Foul Ball, location: 2F
2-1: Ball
3-1: Base on Balls
Batting: RHB Paulo Orey 0-0: Ball
1-0: Fielders Choice at 2nd, 6-4 (Groundball, 6, EV 79.4 MPH)
Top of the 9th over - 1 run, 1 hit, 0 errors, 1 left on base; Burlington 8 - Pulaski 12
Wednesday, June 22nd , 2022 - OOTP Baseball 23.4 Build 64